 Dungeon Crawl Stone Soup version 0.28-a0-664-gc179e30c89 (webtiles) character file.

Game seed: 14887683267481612195

220 mordus the Shield-Bearer (level 6, -2/47 HPs)
             Began as a Formicid Fighter on Oct 15, 2021.
             Slain by a water moccasin (3 damage)
             ... on level 4 of the Dungeon.
             The game lasted 00:04:44 (3442 turns).

mordus the Shield-Bearer (Formicid Fighter)         Turns: 3442, Time: 00:04:45

Health: -2/47      AC:  9    Str: 23    XL:     6   Next: 18%
Magic:  6/6        EV:  8    Int:  7    God:
Gold:   128        SH:  5    Dex: 10    Spells: 5/5 levels left

rFire   . . .      SeeInvis +   a - +0 flail
rCold   . . .      Faith    .   c - +0 buckler
rNeg    . . .      Spirit   .   g - +0 chain mail
rPois   .          Reflect  .   (helmet unavailable)
rElec   .          Harm     .   (no cloak)
rCorr   .          Rampage  .   (no gloves)
Will    .....                   (no boots)
Stlth   ..........              (no amulet)
HPRegen 0.15/turn               (no ring)
MPRegen 0.10/turn               (no ring)

@: no status effects
A: permanent stasis, dig shafts and tunnels, antennae 3, four strong arms
a: Dig, Shaft Self


You were on level 4 of the Dungeon.
You visited 1 branch of the dungeon, and saw 4 of its levels.

You collected 128 gold pieces.

Inventory:

Hand Weapons
 a - a +0 flail (weapon)
Armour
 b - a +0 scale mail
 c - a +0 buckler (worn)
 g - a +0 chain mail (worn)
Jewellery
 l - a ring of fire
Wands
 j - a wand of flame (4)
Scrolls
 e - 2 scrolls of magic mapping {unknown}
 i - a scroll of silence {unknown}
 m - a scroll of blinking {unknown}
Potions
 d - a potion of might
 f - a potion of heal wounds
 h - 3 potions of curing {unknown}
 k - a potion of haste {unknown}
 n - a potion of invisibility {unknown}


   Skills:
 - Level 3.2 Fighting
 * Level 4.4 Maces & Flails
 + Level 4.5 Armour
 + Level 4.9 Shields


You had 5 spell levels left.
You didn't know any spells.
Your spell library was empty.

Dungeon Overview and Level Annotations

Branches:
Dungeon (3/15)

Altars:
Ru
Trog


Innate Abilities, Weirdness & Mutations

You cannot be hasted, slowed, berserked, paralysed or teleported.
You can dig through walls and to a lower floor.
You have a pair of large antennae on your head. (SInv)
Your four strong arms can wield two-handed weapons with a shield.


Message History

You feel very sick.
You feel sick.
The water moccasin bites you but does no damage.
You feel sick.
You feel sick.
The water moccasin bites you but does no damage.
You feel sick.
You feel sick.
The water moccasin bites you but does no damage.
There is an open door here.
You feel sick.
You hit the water moccasin.
The water moccasin is lightly wounded.
You feel sick.
You are no longer poisoned.
The water moccasin bites you! The water moccasin closely misses you.
You miss the water moccasin.
The water moccasin is lightly wounded.
The water moccasin bites you but does no damage.
You barely miss the water moccasin.
The water moccasin is lightly wounded.
You block the water moccasin's attack.
The water moccasin bites you but does no damage.
You closely miss the water moccasin.
The water moccasin is lightly wounded.
You block the water moccasin's attack.
The water moccasin bites you but does no damage.
You hit the water moccasin.
The water moccasin is moderately wounded.
The water moccasin bites you!
* * * LOW HITPOINT WARNING * * *
You completely miss the water moccasin.
The water moccasin is moderately wounded.
The water moccasin bites you!
* * * LOW HITPOINT WARNING * * *
The water moccasin bites you but does no damage.
You closely miss the water moccasin.
The water moccasin is moderately wounded.
The water moccasin bites you.
You die...

.....##..#......{..{o........
.....##.)#....##########.....
#.........#....# ######
#.........#....#
#.........#....#
#.........#....#
#........)#.orZ#
#.....##..###S##
#.....##..##.@.#
#....(....#....#
#.........'....#
#.....##..##...#
#.....######...#
#.....#........#
#.....#........#
#.....######...#
#..)..##<.##...#


You could see a water moccasin, an orc, a quokka and a hound skeleton.

Vanquished Creatures
  A hound (D:4)
  Natasha (thrice) (D:2)
  3 adders
  A worm (D:2)
  5 orcs
  12 ball pythons
  7 bats
  8 endoplasms
  A giant cockroach (D:2)
  5 goblins
  5 hobgoblins
  4 jackals (D:2)
  9 kobolds
  3 quokkas
  A frilled lizard (D:1)
  4 rats
72 creatures vanquished.

Notes
Turn   | Place    | Note
-------+----------+-------------------------------------------
     0 | D:1      | mordus the Formicid Fighter began the quest for the Orb.
     0 | D:1      | Reached XP level 1. HP: 18/18 MP: 1/1
    75 | D:1      | Reached XP level 2. HP: 23/24 MP: 2/2
   569 | D:1      | Found a faded altar of an unknown god.
   737 | D:2      | Reached XP level 3. HP: 29/29 MP: 3/3
  1119 | D:2      | Reached XP level 4. HP: 26/35 MP: 4/4
  1634 | D:2      | Found a sacrificial altar of Ru.
  1635 | D:2      | Noticed Natasha
  1643 | D:2      | Killed Natasha
  1644 | D:2      | Reached XP level 5. HP: 19/41 MP: 5/5
  2017 | D:2      | Noticed Natasha
  2025 | D:2      | Killed Natasha
  2249 | D:2      | Noticed Natasha
  2261 | D:2      | Killed Natasha
  2947 | D:3      | Found a bloodstained altar of Trog.
  2949 | D:3      | You fall into a shaft and drop 1 floor!
  2967 | D:4      | HP: 1/41 [poisoned by an orc]
  3284 | D:4      | Reached XP level 6. HP: 44/47 MP: 6/6
  3410 | D:4      | Noticed a water moccasin
  3441 | D:4      | HP: 1/47 [water moccasin (8)]
  3442 | D:4      | Slain by a water moccasin

Illustrated notes

Levels and vault maps discovered:
D:1:      psy_arrival_dodecagon, layout_loops_ring,
          shapermc_ecumenical_altar_hornbeckon
D:2:      layout_loops_ring, basic_altar, minmay_pentomino_r4, uniq_natasha
D:3:      minmay_general_purpose_star, layout_basic, general_overflow_altar,
          trog_three_pillars_becter, serial_shops, nicolae_shop_stone,
          wad_orctagon
D:4:      layout_gridville, serial_shops, nicolae_shop_overgrown_old_shop,
          gup_sewer_entry_spiral

Skill      XL: |  1  2  3  4  5 |
---------------+----------------+-----
Shields        | 4 |  4.9
Maces & Flails | 3 4 |  4.4
Armour         | 4 |  4.5
Fighting       | |  3.2

Action                   |  1- 3 |  4- 6 || total
-------------------------+-------+-------++-------
Melee: Flail             |   107 |   153 ||   260
  Use: Potion            |       |     1 ||     1
Armor: Scale mail        |    24 |       ||    24
       Chain mail        |    27 |    99 ||   126
Dodge: Dodged            |    55 |    58 ||   113
Block: Buckler           |    19 |    30 ||    49

Table legend: (Time is in decaauts)
 A = Elapsed time spent in this place.
 B = Non-inter-level travel time spent in this place.
 C = Inter-level travel time spent in this place.
 D = Time resting spent in this place.
 E = Time spent auto-exploring this place.
 F = Levels seen in this place.
 G = Mean time per level.
                   A        B        C        D        E       F      G
               +--------+--------+--------+--------+--------+-----+--------+
         Total |   3509 |   3442 |     67 |    593 |   2251 |   4 |  877.2 |
       Dungeon |   3509 |   3442 |     67 |    593 |   2251 |   4 |  877.2 |
               +--------+--------+--------+--------+--------+-----+--------+

Top non-repeatable levels by time:
     D:2: 1769 daAuts
     D:1: 724 daAuts
     D:3: 518 daAuts
     D:4: 496 daAuts
